 Dungeon Crawl Stone Soup version 0.18-a0-1197-g8004e50 (webtiles) character file.

1367 st0uf the Twirler (level 8, 0/62 HPs)
             Began as a Formicid Fighter on Jan 30, 2016.
             Was a Follower of Makhleb.
             Slain by an orc wizard
             ... wielding a cursed -1 dagger
              (2 damage)
             ... on level 5 of the Dungeon.
             The game lasted 00:20:27 (4570 turns).

st0uf the Twirler (Formicid Fighter)                Turns: 4570, Time: 00:20:30

Health: 0/62       AC: 11    Str: 21    XL:     8   Next: 97%
Magic:  8/8        EV: 10    Int:  8    God:    Makhleb [*.....]
Gold:   252        SH: 10    Dex: 12    Spells: 0 memorised, 7 levels left

rFire  . . .     SeeInvis +     a - +0 quarterstaff
rCold  . . .     Gourm    .     b - +0 scale mail
rNeg   . . .     Faith    .     c - +0 shield
rPois  .         Spirit   .     (helmet unavailable)
rElec  .         Dismiss  .     p - +1 cloak
rCorr  .         Reflect  .     (no gloves)
SustAt .         Harm     .     o - +0 pair of boots
MR     .....                    (no amulet)
Stlth  ..........               (no ring)
                                (no ring)

@: not resistant to hostile enchantments, extremely unstealthy
A: permanent stasis, dig shafts and tunnels, four strong arms, antennae 3
a: Dig, Shaft Self, Renounce Religion


You were on level 5 of the Dungeon.
You worshipped Makhleb.
Makhleb was aware of your devotion.
You were not hungry.

You visited 1 branch of the dungeon, and saw 5 of its levels.

You collected 252 gold pieces.

Inventory:

Hand Weapons
 a - a +0 quarterstaff (weapon)
Missiles
 k - 68 sling bullets
Armour
 b - a +0 scale mail (worn)
 c - a +0 shield (worn)
 o - a +0 pair of boots (worn)
 p - a +1 cloak (worn)
Scrolls
 h - 2 scrolls of enchant armour {unknown}
 i - 2 scrolls of identify
 j - a scroll of magic mapping
 q - 2 scrolls of enchant weapon {unknown}
Potions
 d - a potion of might
 g - a potion of experience {unknown}
 r - 2 potions of lignification {unknown}
 s - 2 potions of ambrosia {unknown}
 u - 3 potions of poison {unknown}
 v - 2 potions of curing {unknown}
Comestibles
 f - 3 bread rations
 l - 2 beef jerkies


   Skills:
 + Level 5.3 Fighting
 * Level 6.5 Staves
 + Level 5.9 Armour
 + Level 2.7 Dodging
 + Level 0.6 Stealth
 + Level 6.4 Shields


You had 7 spell levels left.
You didn't know any spells.

Dungeon Overview and Level Annotations

Branches:
Dungeon (5/15)
 Temple: D:4-7

Altars:
Makhleb
Nemelex Xobeh
Qazlal

Shops:
D:5 =


Innate Abilities, Weirdness & Mutations

You are under a permanent stasis effect.
You can dig through walls and to a lower floor.
Your four strong arms can wield two-handed weapons with a shield.
You have a pair of large antennae on your head (SInv).


Message History

* * * LOW HITPOINT WARNING * * *
The orc wizard gestures at you while chanting.
The magic dart hits you!
* * * LOW HITPOINT WARNING * * *
The orc wizard points at you and mumbles some strange words.
You are confused.
Drink which item? (? for menu, Esc to quit)
Your magical effects are unravelling.
You feel magically purged.
You feel less confused. You block the orc wizard's attack.
The orc wizard hits you but does no damage.
You thump the orc wizard!
You kill the orc wizard!
Makhleb accepts your kill.
The orc wizard points at you and mumbles some strange words.
The puff of frost hits you!
* * * LOW HITPOINT WARNING * * *
The orc wizard hits you with a dagger.
You die...

# #........# # .##
#........# ### ...
#......%.# #..
#.##........# +..
#...........###+###..
#...........#.....#..
#..†)......#.....#..
#..@o......#.....#..
#...)...####......##
#.......####......#
###+##............#
#.#####...##.# #.#
###.##... ... #..+...
...# ####... ...#
..##


You could see an orc wizard.

Vanquished Creatures
  The ghost of st0uf the Twirler, a novice FoFi of Okawaru (D:4)
  Sigmund (D:4)
  A scorpion (D:4)
  A giant frog zombie (D:4)
  3 centaur skeletons (D:4)
  4 orc priests
  3 orc wizards
  An iguana (D:4)
  Crazy Yiuf (D:3)
  Terence (D:3)
  2 worker ants (D:3)
  Natasha (D:2)
  Robin (D:3)
  4 gnolls
  13 adders
  An ooze (D:3)
  3 worms
  3 giant geckos
  10 orcs
  5 ball pythons
  12 bats
  2 giant cockroaches
  8 hobgoblins
  5 jackals
  2 quokkas
  A giant gecko zombie (D:5)
  6 giant newts
  14 goblins
  A jackal skeleton (D:4)
  8 kobolds
  5 rats
124 creatures vanquished.

Notes
Turn   | Place    | Note
--------------------------------------------------------------
     0 | D:1      | st0uf the Formicid Fighter began the quest for the Orb.
     0 | D:1      | Reached XP level 1. HP: 18/18 MP: 1/1
   213 | D:1      | Reached XP level 2. HP: 24/24 MP: 2/2
   308 | D:1      | Reached XP level 3. HP: 21/29 MP: 3/3
   509 | D:1      | Reached skill level 4 in Shields
  1295 | D:2      | Reached XP level 4. HP: 33/37 MP: 4/4
  1574 | D:2      | Noticed Natasha
  1579 | D:2      | Killed Natasha
  1587 | D:2      | Reached XP level 5. HP: 38/42 MP: 5/5
  1942 | D:2      | Reached skill level 1 in Dodging
  1943 | D:2      | Reached XP level 6. HP: 28/48 MP: 6/6
  2266 | D:3      | Reached skill level 5 in Shields
  2500 | D:3      | Noticed Robin
  2580 | D:3      | Killed Robin
  2946 | D:3      | Found a burning altar of Makhleb.
  2954 | D:3      | Became a worshipper of Makhleb the Destroyer
  3024 | D:3      | Noticed Terence
  3032 | D:3      | Killed Terence
  3048 | D:3      | Noticed Crazy Yiuf
  3053 | D:3      | Killed Crazy Yiuf
  3053 | D:3      | Reached XP level 7. HP: 53/55 MP: 7/7
  3256 | D:4      | Found a sparkling altar of Nemelex Xobeh.
  3527 | D:4      | Noticed st0uf's ghost (novice FoFi)
  3847 | D:4      | Killed st0uf's ghost
  3847 | D:4      | Reached skill level 5 in Staves
  3847 | D:4      | Reached skill level 5 in Armour
  3847 | D:4      | Reached skill level 6 in Shields
  3847 | D:4      | Reached XP level 8. HP: 17/61 MP: 8/8
  4082 | D:4      | Found a stormy altar of Qazlal.
  4198 | D:4      | Noticed Sigmund
  4220 | D:4      | Reached skill level 5 in Fighting
  4233 | D:4      | Killed Sigmund
  4287 | D:4      | Reached * piety under Makhleb
  4493 | D:5      | Entered Level 5 of the Dungeon
  4510 | D:5      | Found Guer's Jewellery Boutique.
  4521 | D:5      | Got a slimy leather armour
  4522 | D:5      | Identified the cursed +1 leather armour "Nonuges" {Stlth+} (You found it on level 5 of the Dungeon)
  4570 | D:5      | HP: 2/62 [orc wizard/puff of frost (7)]
  4570 | D:5      | Slain by an orc wizard

Vault maps used:
D:1:      sevenhm_arrival_forest_fort_small_4
D:2:      serial_curves, eino_curves_01, eino_curves_04, first_bread,
          minmay_snake_closets, uniq_natasha
D:3:      lemuel_coloured_pillars_altar, st_stairs_1, uniq_terence, uniq_robin,
          uniq_crazy_yiuf_cottage
D:4:      nicolae_qazlal_eye_of_the_storm, corexii_checkpoint_b,
          corner_web_ring, minivault_11, nemelex_xobeh_ov_fountains_minmay,
          uniq_sigmund
D:5:      kennysheep_mini, basic_altar, serial_shops, shop

Action                   |  1- 3 |  4- 6 |  7- 9 || total
-------------------------+-------+-------+-------++-------
Melee: Quarterstaff      |    90 |   265 |   182 ||   537
 Abil: Dig               |     1 |     1 |       ||     2
  Use: Scroll            |       |     7 |     1 ||     8
       Potion            |       |       |     1 ||     1
  Eat: Chunk             |       |     8 |     1 ||     9
       Meat ration       |       |       |     1 ||     1
